 Dungeon Crawl Stone Soup version 0.17-a0-1132-g5dd4065 (webtiles) character file.

49765 Engwar the Brawler (level 14, -13/88 HPs)
             Began as a Gargoyle Monk on May 25, 2015.
             Was the Champion of Dithmenos.
             Mangled by a death yak (21 damage)
             ... on level 8 of the Lair of Beasts.
             The game lasted 01:37:04 (20810 turns).

Engwar the Brawler (Gargoyle Monk)                 Turns: 20810, Time: 01:37:04

Health: -13/88     AC: 28    Str: 15    XL:     14   Next: 52%
Magic:  17/17      EV: 14    Int: 19    God:    Dithmenos [******]
Gold:   1129       SH:  6    Dex: 13    Spells: 5 memorised, 2 levels left

rFire  + . .     SeeInvis .       - Unarmed
rCold  . . .     Clarity  .     n - +2 robe of Joy {rF+ Int+4 Slay+3}
rNeg   + . .     SustAt   .     H - +1 buckler {AC+3}
rPois  ∞         Gourm    .     M - +2 helmet
rElec  +         Spirit   .     m - +2 cloak {MR+}
rCorr  +         Warding  .     i - +0 pair of gloves
rMut   .         Stasis   .     (no boots)
MR     ++...                    E - amulet of resist corrosion
Stlth  ++++......               Y - +4 ring of protection
                                D - +4 ring of slaying

@: wreathed by umbra, very resistant to hostile enchantments, stealthy
A: big wings, negative energy resistance 1, electricity resistance, unbreathing,
petrification resistance, rot immunity, AC +9
a: Fly, Shadow Step, Shadow Form, Renounce Religion


You were on level 8 of the Lair of Beasts.
You worshipped Dithmenos.
Dithmenos was exalted by your worship.
You were not hungry.

You visited 3 branches of the dungeon, and saw 19 of its levels.
You also visited: Labyrinth and Bailey.

You collected 1310 gold pieces.
You spent 181 gold pieces at shops.

Inventory:

Hand weapons
 b - a +0 blowgun
Missiles
 d - 110 poisoned needles
 U - 3 curare-tipped needles
Armour
 i - a +0 pair of gloves (worn)
 m - a +2 cloak of magic resistance (worn)
 n - the +2 robe of Joy (worn) {rF+ Int+4 Slay+3}
   (You took it off a centaur on level 9 of the Dungeon)

   It affects your intelligence (+4).
   It affects your accuracy and damage with ranged weapons and melee attacks
   (+3).
   It protects you from fire.
 A - the +1 leather armour of Love and Death {+Fly Dex+4 Slay+2 Stlth+}
   (You found it on level 1 of the Lair of Beasts)

   It affects your dexterity (+4).
   It affects your accuracy and damage with ranged weapons and melee attacks
   (+2).
   It lets you fly.
   It makes you more stealthy.
 H - a +1 buckler of protection (worn)
 M - a +2 helmet (worn)
 T - a +1 buckler of fire resistance
Jewellery
 f - an uncursed amulet of resist mutation
 C - the ring of Qeraink {rPois Dex+3 Stlth+}
   (You found it on level 6 of the Dungeon)

   [ring of dexterity]

   It affects your dexterity (+3).
   It protects you from poison.
   It makes you more stealthy.
 D - a +4 ring of slaying (left hand)
 E - an amulet of resist corrosion (around neck)
 G - an uncursed ring of ice {unknown}
 L - an uncursed ring of sustain attributes
 X - an uncursed amulet of rage
 Y - a +4 ring of protection (right hand)
Magical devices
 a - a wand of paralysis (14)
 e - a wand of digging (11)
 t - a wand of heal wounds (1)
 S - a wand of teleportation (2)
 Z - a wand of slowing (27)
Scrolls
 c - 8 scrolls of remove curse
 p - 3 scrolls of enchant weapon
 y - 9 scrolls of teleportation
 F - 6 scrolls of blinking
 N - a scroll of fear
 R - a scroll of amnesia
Potions
 j - a potion of magic
 k - 2 potions of brilliance
 l - 2 potions of agility
 o - 2 potions of curing
 r - 4 potions of haste
 w - 2 potions of cure mutation {unknown}
 B - a potion of berserk rage
 I - a potion of resistance
 K - 2 potions of cancellation {unknown}
 O - 4 potions of degeneration {unknown}
 Q - 2 potions of might
 W - a potion of beneficial mutation {unknown}
Books
 g - a book of Party Tricks

   Spells                             Type                      Level
   a - Summon Butterflies             Summoning                    1
   b - Apportation                    Translocation                1
   c - Tukima's Dance                 Hexes                        3
   d - Alistair's Intoxication        Transmutation/Poison         4
   e - Invisibility                   Hexes                        6
 x - a book of Maledictions

   Spells                             Type                      Level
   a - Corona                         Hexes                        1
   b - Ensorcelled Hibernation        Hexes/Ice                    2
   c - Confuse                        Hexes                        3
   d - Tukima's Dance                 Hexes                        3
   e - Dazzling Spray                 Conjuration/Hexes            3
 z - a book of Geomancy

   Spells                             Type                      Level
   a - Sandblast                      Earth                        1
   b - Stoneskin                      Transmutation/Earth          2
   c - Passwall                       Transmutation/Earth          3
   d - Stone Arrow                    Conjuration/Earth            3
   e - Petrify                        Transmutation/Earth          4
   f - Lee's Rapid Deconstruction     Earth                        5
 V - a book of the Tempests

   Spells                             Type                      Level
   a - Static Discharge               Conjuration/Air              3
   b - Lightning Bolt                 Conjuration/Air              5
   c - Fireball                       Conjuration/Fire             5
   d - Tornado                        Air                          9
   e - Shatter                        Earth                        9
Comestibles
 h - 3 fruits
 q - 5 bread rations
 u - 11 meat rations
 v - 5 royal jellies


   Skills:
 + Level 10.3 Fighting
 - Level 1.0 Throwing
 - Level 5.3 Armour
 - Level 5.1 Dodging
 - Level 2.1 Stealth
 - Level 5.0 Shields
 + Level 18.0 Unarmed Combat
 - Level 2.1 Spellcasting
 - Level 1.0 Translocations
 - Level 4.8 Transmutations
 - Level 7.8 Earth Magic
 - Level 5.1 Invocations
 - Level 2.0 Evocations


You had 2 spell levels left.
You knew the following spells:

 Your Spells              Type           Power        Failure   Level  Hunger
a - Apportation           Tloc           #.........   12%         1    #......
b - Stoneskin             Trmt/Erth      ####....     1%          2    ##.....
c - Passwall              Trmt/Erth      ####......   4%          3    ###....
d - Petrify               Trmt/Erth      ####....     14%         4    #####..
e - Lee's Rapid Deconstr  Erth           ####......   21%         5    ######.


Dungeon Overview and Level Annotations

Branches:
Dungeon (10/15)            Temple (1/1) D:5            Lair (8/8) D:10
  Swamp (0/4) Lair:5       Spider (0/4) Lair:6        Slime (0/6) Lair:7
    Orc: D:9-12

Altars:
Ashenzari
Cheibriados
Dithmenos
Elyvilon
Fedhas
Gozag
Kikubaaqudgha
Makhleb
Nemelex Xobeh
Okawaru
Qazlal
Ru
Sif Muna
Trog
Vehumet
Xom
Yredelemnul
Zin
The Shining One
Jiyva

Shops:
D:4 (   D:6 :   D:8 *

Annotations:
D:10 exclusions: oklob plant and oklob sapling


Innate Abilities, Weirdness & Mutations

You are resistant to torment.
Your stone body is resilient (AC +9).
You are immune to poison.
Your large and strong wings let you fly indefinitely.
You resist negative energy.
You are resistant to electric shocks.
You can survive without breathing.
You are immune to petrification.
You are immune to rotting.


Message History

The death yak completely misses you. The death yak gores you!
You hit the death yak.
The death yak is almost dead.
The death yak gores you but does no damage.
The death yak misses you.
You punch the death yak!
You kill the death yak!
Dithmenos accepts your kill.
You barely miss the death yak. The death yak gores you!
You block the death yak's attack.
You barely miss the death yak. The death yak gores you!!
You emit a cloud of dark smoke.
The death yak gores you!!
* * * LOW HITPOINT WARNING * * *
You are too injured to fight recklessly!
You are too injured to fight recklessly!
You are too injured to fight recklessly!
You are too injured to fight recklessly!
You are too injured to fight recklessly!
The death yak gores you!!
You die...

###..### ###...##.... #.
##.†.## ###.÷÷...# ##.#
###..## ##..÷##.P ...
##...# ##..###### ..
#...## #..## ### ##.
##†.P###.## ###.# ##..##
##§.......####....
#P..P####§§###P....##.....
##.....##Y@##
###...#...... #P.8.8.YYY§#
##.....##.. #..8....8.###
###.###... #.....8....##
#######...# YY......8..P.#
#P.###...## Y..###...P####
#......## ..# ######
###......## ##
###......8...
######....8.......


You could see 3 death yaks.

Vanquished Creatures
  Rupert (Lair:6)
  Kirke (Lair:6)
  A minotaur (Lab)
  3 hydras
  2 catoblepae (Lair:8)
  6 death yaks (Lair:8)
  A queen ant (Lair:8)
  The ghost of Monkaria the Nimble, an experienced DsCK of Xom (D:9)
  An unseen horror (D:6)
  A swamp dragon (Lair:5)
  A griffon (Lair:7)
  2 wolf spiders (Lair:7)
  23 elephants
  5 black mambas
  An oklob plant (Lair:3)
  A centaur zombie (D:10)
  8 spiny frogs
  A fire drake (Lair:2)
  A queen bee (D:8)
  5 komodo dragons
  2 polar bears
  7 blink frogs
  25 yaks
  A hog (Lair:6)
  10 hippogriffs
  A basilisk (Lair:7)
  Menkaure (D:7)
  3 wolves (Lair:7)
  10 swamp worms (Lair:4)
  3 wargs (D:10)
  7 porcupines
  A spider (D:10)
  5 soldier ants (Lair:8)
  Duvessa (D:5)
  11 water moccasins
  8 orc warriors
  2 black bears
  An ice beast (D:8)
  A sky beast (D:6)
  A wasp (D:8)
  3 phantoms
  A necrophage (D:9)
  4 centaurs
  2 big kobolds (D:8)
  3 ogres
  23 crocodiles
  16 giant frogs
  Dowan (D:5)
  A water moccasin skeleton (D:8)
  9 electric eels (D:7)
  5 scorpions
  17 killer bees
  4 wights (D:9)
  4 crimson imps
  A giant frog zombie (D:7)
  4 jellies
  Crazy Yiuf (D:4)
  3 orc priests
  A quasit (D:8)
  A giant frog skeleton (D:7)
  5 hounds
  A centaur skeleton (D:8)
  6 orc wizards
  Jessica (D:3)
  Natasha (thrice) (D:2)
  6 iguanas
  38 worker ants
  A killer bee zombie (D:6)
  31 sheep
  2 hound skeletons (D:6)
  2 worker ant zombies
  Robin (D:4)
  18 adders
  81 river rats
  7 gnolls
  2 oozes (D:7)
  2 adder skeletons (D:4)
  16 worms
  7 giant geckos
  42 orcs
  6 ball pythons
  22 bats
  A bat skeleton (D:7)
  2 bat zombies
  5 giant cockroaches
  33 goblins
  35 hobgoblins
  19 jackals
  21 kobolds
  5 quokkas
  A ball python skeleton (D:4)
  A giant gecko skeleton (D:7)
  A giant gecko zombie (D:5)
  5 giant newts
  A jackal zombie (D:7)
  18 rats
  2 fungi
  2 plants
723 creatures vanquished.

Vanquished Creatures (others)
  6 fungi
  5 plants
11 creatures vanquished.

Grand Total: 734 creatures vanquished

Notes
Turn   | Place    | Note
--------------------------------------------------------------
     0 | D:1      | Engwar the Gargoyle Monk began the quest for the Orb.
     0 | D:1      | Reached XP level 1. HP: 14/14 MP: 1/1
   130 | D:1      | Reached XP level 2. HP: 19/19 MP: 2/2
   409 | D:1      | Reached XP level 3. HP: 10/23 MP: 3/3
   455 | D:1      | Reached skill level 5 in Unarmed Combat
   930 | D:2      | Noticed Natasha
   951 | D:2      | Killed Natasha
   951 | D:2      | Reached XP level 4. HP: 17/28 MP: 4/4
  1022 | D:2      | Noticed Natasha
  1040 | D:2      | Killed Natasha
  1281 | D:2      | Noticed Natasha
  1560 | D:3      | Reached skill level 6 in Unarmed Combat
  1749 | D:2      | Killed Natasha
  1778 | D:2      | Reached XP level 5. HP: 29/32 MP: 5/5
  2746 | D:3      | Noticed Jessica
  2762 | D:3      | Killed Jessica
  3155 | D:3      | Noticed an ogre
  3163 | D:3      | Killed an ogre
  3163 | D:3      | Reached skill level 7 in Unarmed Combat
  3163 | D:3      | Reached XP level 6. HP: 37/37 MP: 6/6
  3260 | D:4      | Noticed Robin
  3643 | D:4      | Killed Robin
  3808 | D:4      | Reached skill level 8 in Unarmed Combat
  3814 | D:4      | Reached XP level 7. HP: 21/41 MP: 7/7
  3834 | D:4      | HP: 1/41 [orc wizard/dagger (2)]
  4387 | D:4      | Found Ihemytt's Antique Weapon Shop.
  4503 | D:4      | Reached skill level 1 in Throwing
  4766 | D:4      | Noticed Crazy Yiuf
  4777 | D:4      | Killed Crazy Yiuf
  4885 | D:5      | Entered Level 5 of the Dungeon
  4909 | D:5      | Noticed Duvessa
  4922 | D:5      | Noticed Dowan
  5226 | D:5      | Found a staircase to the Ecumenical Temple.
  5252 | Temple   | Entered the Ecumenical Temple
  5311 | Temple   | Became a worshipper of Dithmenos the Shadowed
  5311 | Temple   | Acquired Dithmenos's first power
  5482 | D:5      | Reached skill level 9 in Unarmed Combat
  5519 | D:5      | Killed Duvessa
  5530 | D:5      | Killed Dowan
  5530 | D:5      | Reached XP level 8. HP: 40/46 MP: 8/8
  5689 | D:5      | Reached skill level 10 in Unarmed Combat
  5932 | D:5      | Reached skill level 1 in Armour
  5939 | D:6      | Found Zeyb's Book Shop.
  6254 | D:6      | Reached skill level 5 in Fighting
  6267 | D:6      | Reached XP level 9. HP: 34/54 MP: 9/9
  6298 | D:6      | Found a large runed door.
  6298 | D:6      | Found a large runed door.
  6308 | D:6      | Reached skill level 11 in Unarmed Combat
  6405 | D:6      | Killed an unseen horror
  6428 | D:6      | Found a large runed door.
  6428 | D:6      | Found a large runed door.
  6442 | D:6      | Got a shimmering glass ring
  6447 | D:6      | Identified the ring of Qeraink {rPois Dex+3 Stlth+} (You found it on level 6 of the Dungeon)
  6469 | D:6      | Acquired Dithmenos's second power
  7019 | D:7      | Found a viscous altar of Jiyva.
  7098 | D:7      | Reached skill level 12 in Unarmed Combat
  7146 | D:7      | Found a glowing golden altar of the Shining One.
  7167 | D:7      | Acquired Dithmenos's third power
  7349 | D:7      | Reached XP level 10. HP: 35/64 MP: 10/10
  7378 | D:7      | Learned a level 1 spell: Apportation
  7704 | D:7      | Noticed Menkaure
  7713 | D:7      | Killed Menkaure
  7746 | D:7      | Found a shimmering altar of Xom.
  7749 | D:7      | Found an opulent altar of Gozag.
  7752 | D:7      | Found an iron altar of Okawaru.
  7994 | D:7      | Found a blossoming altar of Fedhas.
  7994 | D:7      | Found a sacrificial altar of Ru.
  7994 | D:7      | Found a snail-covered altar of Cheibriados.
  9108 | D:8      | Reached skill level 13 in Unarmed Combat
  9272 | D:8      | Found Simugh's General Store.
  9283 | D:8      | Bought a +1 buckler of protection for 181 gold pieces
  9533 | D:9      | Acquired Dithmenos's fourth power
  9543 | D:8      | Reached skill level 10 in Fighting
  9553 | D:8      | Reached skill level 1 in Shields
  9653 | D:9      | Noticed Monkaria's ghost (experienced DsCK)
  9696 | D:9      | Killed Monkaria's ghost
  9696 | D:9      | Reached XP level 11. HP: 37/72 MP: 11/11
  9920 | D:9      | Found a flagged portal.
  9936 | Bailey   | Entered a bailey
 10739 | D:9      | Got a crude robe
 10876 | D:9      | Identified the +2 robe of Joy {rF+ Int+4 Slay+3} (You took it off a centaur on level 9 of the Dungeon)
 10900 | D:9      | Learned a level 2 spell: Stoneskin
 11055 | D:9      | Reached skill level 5 in Shields
 11482 | D:10     | Entered Level 10 of the Dungeon
 11765 | D:10     | Found a staircase to the Lair.
 11790 | D:10     | Reached skill level 1 in Spellcasting
 11965 | D:10     | Reached skill level 14 in Unarmed Combat
 11977 | D:10     | Reached skill level 1 in Translocations
 12253 | D:10     | Reached skill level 1 in Transmutations
 12281 | Lair:1   | Entered Level 1 of the Lair of Beasts
 12372 | Lair:1   | Reached skill level 1 in Earth Magic
 12417 | Lair:1   | Got a heavily runed leather armour
 12428 | Lair:1   | Identified the cursed +1 leather armour of Love and Death {+Fly Dex+4 Slay+2 Stlth+} (You found it on level 1 of the Lair of Beasts)
 13049 | Lair:2   | Learned a level 3 spell: Passwall
 13632 | Lair:2   | Noticed a six-headed hydra
 13642 | Lair:2   | Killed a six-headed hydra
 13642 | Lair:2   | Reached XP level 12. HP: 77/77 MP: 12/15
 13743 | Lair:3   | Reached skill level 5 in Earth Magic
 13760 | Lair:3   | Learned a level 4 spell: Petrify
 13982 | Lair:3   | Reached skill level 15 in Unarmed Combat
 15031 | Lair:4   | Noticed a six-headed hydra
 15043 | Lair:4   | Killed a six-headed hydra
 16101 | Lair:5   | Found a staircase to the Swamp.
 16437 | Lair:5   | Reached skill level 16 in Unarmed Combat
 17006 | Lair:6   | Reached XP level 13. HP: 82/82 MP: 16/16
 17034 | Lair:6   | Reached skill level 5 in Dodging
 17060 | Lair:6   | Found a labyrinth entrance.
 17077 | Lab      | Entered a labyrinth
 17221 | Lab      | Noticed a minotaur
 17261 | Lab      | Killed a minotaur
 17515 | Lair:6   | Found a hole to the Spider Nest.
 17804 | Lair:6   | Noticed Kirke
 17913 | Lair:6   | Killed Kirke
 17952 | Lair:6   | Noticed an eight-headed hydra
 17963 | Lair:6   | Killed an eight-headed hydra
 17989 | Lair:6   | Noticed Rupert
 18129 | Lair:6   | Killed Rupert
 18129 | Lair:6   | Reached skill level 5 in Armour
 18350 | Lair:7   | Reached skill level 1 in Evocations
 18571 | Lair:7   | Reached skill level 17 in Unarmed Combat
 18578 | Lair:7   | Learned a level 5 spell: Lee's Rapid Deconstruction
 18646 | Lair:7   | Found a staircase to the Slime Pits.
 19338 | Lair:8   | Entered Level 8 of the Lair of Beasts
 19365 | Lair:7   | HP: 4/82 [hippogriff (5)]
 19594 | Lair:7   | Gained mutation: Your large and strong wings let you fly indefinitely. [Gargoyle growth]
 19594 | Lair:7   | Reached XP level 14. HP: 88/88 MP: 17/17
 19692 | Lair:8   | Reached skill level 1 in Invocations
 20569 | Lair:8   | Reached skill level 5 in Invocations
 20795 | Lair:8   | Reached skill level 18 in Unarmed Combat
 20810 | Lair:8   | Mangled by a death yak

Vault maps used:
D:1:      lightli_arrival_lavapool
D:2:      first_bread, uniq_natasha
D:3:      uniq_jessica
D:4:      corexii_shantytown, serial_shops, shop, uniq_crazy_yiuf_cottage,
          uniq_robin
D:5:      minmay_temple_entry_hall, uniq_duvessa
D:6:      serial_shops, shop, st_stairs_10, minmay_hollow_rounded_squares
D:7:      kennysheep_mini_moat, grunt_temple_overflow_diamond,
          gammafunk_temple_overflow_claw, serial_bayou, serial_bayou_lake_a,
          serial_bayou_lagoon_b, serial_bayou_ford_a, serial_bayou_pond_d,
          jiyva_altar_1, uniq_menkaure
D:8:      david_nohive_1, kennysheep_diamond
D:9:      enter_bailey_3
D:10:     erik_lair_orcish_takeover, introduction_to_nature_1
Temple:   zaba_magenta_temple_12
Lair:1:   infiniplex_staircase_pool_2
Lair:2:   lemuel_another_geyser
Lair:4:   columned_hall_lemuel, serial_bayou_pond_c, worms_lemuel,
          grunt_megastairs_3
Lair:5:   swamp_mist_pool, lemuel_fruit_tree, grunt_megastairs_4
Lair:6:   dummy_spider_entry, lab_entry_generic, uniq_rupert, uniq_kirke
Lair:7:   minmay_lair_venomous_thicket, slime_dummy, st_stairs_4,
          grunt_megastairs_5
Lair:8:   evilmike_catoblepas_cave, zaba_antful_of_joy
Lab:      labyrinth_spiral
Bailey:   bailey_polearm_1, bailey

Action                   |  1- 3 |  4- 6 |  7- 9 | 10-12 | 13-15 || total
-------------------------+-------+-------+-------+-------+-------++-------
Melee: Unarmed           |    88 |   277 |   491 |   959 |   748 ||  2563
 Fire: Blowgun           |       |       |     7 |     1 |     6 ||    14
 Cast: Apportation       |       |       |       |     5 |       ||     5
       Stoneskin         |       |       |       |     4 |     3 ||     7
       Petrify           |       |       |       |       |     4 ||     4
       Lee's Rapid Decon |       |       |       |       |     1 ||     1
Evoke: Wand              |       |       |       |       |     1 ||     1
  Use: Scroll            |     4 |       |     4 |    16 |     2 ||    26
       Potion            |       |     1 |     4 |     7 |     3 ||    15
 Stab: Sleeping          |     5 |     2 |       |    21 |    12 ||    40
       Distracted        |       |       |       |     1 |     6 ||     7
  Eat: Fruit             |       |     3 |     1 |     4 |     2 ||    10
       Chunk             |       |     7 |    10 |    12 |    11 ||    40
       Pizza             |       |       |     1 |     1 |       ||     2
       Bread ration      |       |       |       |     2 |       ||     2
       Royal jelly       |       |       |       |     2 |       ||     2
       Beef jerky        |       |       |       |     2 |     2 ||     4

Vault maps used:
D:1:      lightli_arrival_lavapool
D:2:      first_bread, uniq_natasha
D:3:      uniq_jessica
D:4:      corexii_shantytown, serial_shops, shop, uniq_crazy_yiuf_cottage,
          uniq_robin
D:5:      minmay_temple_entry_hall, uniq_duvessa
D:6:      serial_shops, shop, st_stairs_10, minmay_hollow_rounded_squares
D:7:      kennysheep_mini_moat, grunt_temple_overflow_diamond,
          gammafunk_temple_overflow_claw, serial_bayou, serial_bayou_lake_a,
          serial_bayou_lagoon_b, serial_bayou_ford_a, serial_bayou_pond_d,
          jiyva_altar_1, uniq_menkaure
D:8:      david_nohive_1, kennysheep_diamond
D:9:      enter_bailey_3
D:10:     erik_lair_orcish_takeover, introduction_to_nature_1
Temple:   zaba_magenta_temple_12
Lair:1:   infiniplex_staircase_pool_2
Lair:2:   lemuel_another_geyser
Lair:4:   columned_hall_lemuel, serial_bayou_pond_c, worms_lemuel,
          grunt_megastairs_3
Lair:5:   swamp_mist_pool, lemuel_fruit_tree, grunt_megastairs_4
Lair:6:   dummy_spider_entry, lab_entry_generic, uniq_rupert, uniq_kirke
Lair:7:   minmay_lair_venomous_thicket, slime_dummy, st_stairs_4,
          grunt_megastairs_5
Lair:8:   evilmike_catoblepas_cave, zaba_antful_of_joy
Lab:      labyrinth_spiral
Bailey:   bailey_polearm_1, bailey
